 Dungeon Crawl Stone Soup version 0.29-a0-409-gd843f3a48c (webtiles) character file.

Game seed: 11203992003369912170

147 dolemite99 the Twirler (level 5, -2/38 HPs)
             Began as a Demonspawn Gladiator on May 14, 2022.
             Was an Initiate of Gozag.
             Slain by Crazy Yiuf
             ... wielding a +3 quarterstaff of chaos
              (3 damage)
             ... while petrified by Crazy Yiuf
             ... on level 3 of the Dungeon.
             The game lasted 00:02:35 (2624 turns).

dolemite99 the Twirler (Demonspawn Gladiator)       Turns: 2624, Time: 00:02:35

Health: -2/38      AC: 10    Str: 15 (16) XL:     5   Next: 7%
Magic:  0/5        EV:  2    Int:  8 (10) God:    Gozag
Gold:   207        SH:  0    Dex: 12 (14) Spells: 4/4 levels left

rFire   . . .      SeeInvis .   a - +1 quarterstaff (freeze)
rCold   . . .      Faith    .   (shield currently unavailable)
rNeg    + + +      Spirit   .   f - +0 chain mail
rPois   ∞          Reflect  .   c - +0 helmet
rElec   .          Harm     .   (no cloak)
rCorr   .          Rampage  .   p - +0 pair of gloves
Will    .....                   (no boots)
Stlth   ..........              (no amulet)
HPRegen 0.12/turn               (no ring)
MPRegen 0.09/turn               (no ring)

@: petrified
A: claws 1, powered by pain 1, demonic magic 1
a: Renounce Religion, Potion Petition, Call Merchant, Bribe Branch


You were on level 3 of the Dungeon.
You worshipped Gozag.
Gozag was aware of your devotion.
You visited 1 branch of the dungeon, and saw 3 of its levels.

You collected 207 gold pieces.

Inventory:

Hand Weapons
 a - a +1 quarterstaff of freezing (weapon)
 h - a +2 dagger of draining
Missiles
 d - 2 throwing nets (quivered)
 e - a javelin
Armour
 b - a +0 leather armour
 c - a +0 helmet (worn)
 f - a +0 chain mail (worn)
 p - a +0 pair of gloves (worn)
Jewellery
 n - an amulet of magic regeneration
Wands
 l - a wand of acid (11)
Scrolls
 o - a scroll of enchant weapon
Potions
 g - a potion of degeneration
 i - a potion of attraction {unknown}
 j - a potion of mutation {unknown}
 k - a potion of invisibility {unknown}
 m - 2 potions of heal wounds {unknown}
 q - a potion of haste {unknown}


   Skills:
 - Level 2.0 Fighting
 + Level 5.3 Staves
 - Level 1.7 Throwing
 - Level 2.6 Dodging


You had 4 spell levels left.
You didn't know any spells.
Your spell library contained the following spells:

 Spells                   Type           Power      Damage    Failure   Level
 Passage of Golubria      Tloc           0%         N/A       100%        4
 Silence                  Hex/Air        0%         N/A       100%        5
 Lehudib's Crystal Spear  Conj/Erth      0%         10d2      100%        8


Dungeon Overview and Level Annotations

Branches:
Dungeon (3/15)

Altars:
Gozag

Annotations:
D:3 3 runed translucent doors, Crazy Yiuf; samgaumpmail's ghost, amateur DgIE


Innate Abilities, Weirdness & Mutations

You have sharp fingernails.
You sometimes gain a little power by taking damage.
Spells you cast may paralyse adjacent enemies.


Message History

There is an open door here.
No target in view!
q - an amethyst potion
Found a mace.
Found a runed translucent door.
Crazy Yiuf shouts!
Crazy Yiuf waves his quarterstaff at you.
You open the door. You barely miss Crazy Yiuf.
Crazy Yiuf hits you with a +3 quarterstaff of chaos.
You hit Crazy Yiuf. You freeze Crazy Yiuf.
Crazy Yiuf is lightly wounded.
Crazy Yiuf hits you with a +3 quarterstaff of chaos!
Crazy Yiuf burns you.
You hit Crazy Yiuf. You freeze Crazy Yiuf.
Crazy Yiuf is moderately wounded.
Crazy Yiuf hits you with a +3 quarterstaff of chaos!
You are slowing down.
It was a potion of degeneration.
There was something very wrong with that liquid.
You feel weakened.
You feel dopey.
You feel clumsy.
Crazy Yiuf says, "Liver!
Proton illywillydillykilly leg."
Crazy Yiuf hits you but does no damage.
Crazy Yiuf hits you with a +3 quarterstaff of chaos.
Crazy Yiuf freezes you.
* * * LOW HITPOINT WARNING * * *
Your limbs are stiffening.
You barely miss Crazy Yiuf.
Crazy Yiuf is moderately wounded.
Crazy Yiuf hits you with a +3 quarterstaff of chaos.
* * * LOW HITPOINT WARNING * * *
You have turned to stone.
Crazy Yiuf hits you with a +3 quarterstaff of chaos!
* * * LOW HITPOINT WARNING * * *
Crazy Yiuf freezes you.
Crazy Yiuf hits you with a +3 quarterstaff of chaos!
* * * LOW HITPOINT WARNING * * *
You feel your power leaking away.
Crazy Yiuf hits you with a +3 quarterstaff of chaos.
You die...
Your body crumbles into a pile of gold.

#####
#.....'........#
#....###########
#....# ####....#
##### #.......#
#)..# #.......#
#...# #....####
*...* #....#
*#g#* ## #....#
♣@♣♣ .########
♣♣.♣ .'.....#
♣.♣♣ .#####.#
♣♣.♣ .# #.#
♣♣.♣♣ ## #.#
♣♣...♣ #.#####
♣....♣ #.....#
#....#
#####.####....#


You could see Crazy Yiuf.

Vanquished Creatures
  A phantom (D:3)
  Terence (D:2)
  2 adders
  An orc (D:3)
  3 ball pythons
  2 endoplasms
  4 giant cockroaches
  6 goblins
  A hobgoblin (D:1)
  3 kobolds
  A quokka (D:3)
  A bat (D:2)
  A frilled lizard (D:1)
  2 rats
29 creatures vanquished.

Notes
Turn   | Place    | Note
-------+----------+-------------------------------------------
     0 | D:1      | dolemite99 the Demonspawn Gladiator began the quest for the
                  | Orb.
     0 | D:1      | Reached XP level 1. HP: 16/16 MP: 1/1
   164 | D:1      | Reached skill level 3 in Staves
   174 | D:1      | Gained mutation: Spells you cast may paralyse adjacent
                  | enemies. [demonic ancestry]
   174 | D:1      | Reached XP level 2. HP: 13/22 MP: 2/2
   367 | D:1      | You fall into a shaft and drop 1 floor!
   396 | D:2      | Noticed Terence
   411 | D:2      | Killed Terence
   412 | D:2      | Reached XP level 3. HP: 18/27 MP: 3/3
   501 | D:2      | Reached skill level 4 in Staves
  1162 | D:2      | Found a faded altar of an unknown god.
  1165 | D:2      | Prayed at the altar of an unknown god.
  1165 | D:2      | Became a worshipper of Gozag Ym Sagoz the Greedy
  1836 | D:3      | Noticed samgaumpmail's ghost (amateur DgIE)
  1843 | D:3      | Noticed a necrophage
  2017 | D:3      | Gained mutation: You sometimes gain a little power by
                  | taking damage. [demonic ancestry]
  2017 | D:3      | Reached XP level 4. HP: 33/33 MP: 4/4
  2303 | D:3      | Found a runed translucent gate.
  2303 | D:3      | Found a runed translucent gate.
  2303 | D:3      | Found a runed translucent gate.
  2421 | D:3      | Noticed a phantom
  2435 | D:3      | Killed a phantom
  2436 | D:3      | Reached skill level 5 in Staves
  2436 | D:3      | Gained mutation: You have sharp fingernails. [demonic
                  | ancestry]
  2436 | D:3      | Reached XP level 5. HP: 36/38 MP: 5/5
  2612 | D:3      | Found a runed translucent door.
  2613 | D:3      | Noticed Crazy Yiuf
  2623 | D:3      | HP: 1/38 [Crazy Yiuf/+3 quarterstaff of chaos (3)]
  2624 | D:3      | Slain by Crazy Yiuf

Illustrated notes

Levels and vault maps discovered:
D:1:      lemuel_arrival_broad_hall, layout_loops_cross
D:2:      layout_loops_ring, shapermc_ecumenical_altar_mp_vishouse, uniq_terence
D:3:      layout_basic, gammafunk_ghost_split, uniq_crazy_yiuf_cottage

Skill      XL: |  1  2  3  4 |
---------------+-------------+-----
Staves         | 3 4 5 |  5.3
Fighting       | |  2.0
Throwing       | |  1.7
Dodging        | |  2.6

Action                   |  1- 3 |  4- 6 || total
-------------------------+-------+-------++-------
Melee: Quarterstaff      |    71 |    22 ||    93
Throw: Throwing net      |     2 |       ||     2
  Use: Scroll            |     8 |       ||     8
       Potion            |       |     1 ||     1
Armor: Chain mail        |    50 |    13 ||    63
       Leather armour    |     4 |       ||     4
Dodge: Dodged            |    32 |     8 ||    40

Table legend: (Time is in decaauts)
 A = Elapsed time spent in this place.
 B = Non-inter-level travel time spent in this place.
 C = Inter-level travel time spent in this place.
 D = Time resting spent in this place.
 E = Time spent auto-exploring this place.
 F = Levels seen in this place.
 G = Mean time per level.
                   A        B        C        D        E       F      G
               +--------+--------+--------+--------+--------+-----+--------+
         Total |   2634 |   2601 |     33 |    534 |   1583 |   3 |  878.0 |
       Dungeon |   2634 |   2601 |     33 |    534 |   1583 |   3 |  878.0 |
               +--------+--------+--------+--------+--------+-----+--------+

Top non-repeatable levels by time:
     D:3: 1444 daAuts
     D:2: 819 daAuts
     D:1: 371 daAuts
